 Dungeon Crawl Stone Soup version 0.31-a0-157-g0643eb4156 (webtiles) character file.

Game seed: 3395189596491037069

1778 qw the Cleaver (level 9, 0/54 HPs)
             Began as a Gargoyle Fighter on June 12, 2023.
             Was a Believer of Okawaru.
             Shot with an arrow by something (11 damage)
             ... on level 5 of the Dungeon.
             The game lasted 00:02:29 (4223 turns).

qw the Cleaver (Gargoyle Fighter)                   Turns: 4223, Time: 00:02:29

Health: 0/54       AC: 20    Str: 24    XL:     9   Next: 8%
Magic:  9/12       EV: 16    Int:  9    God:    Okawaru [**....]
Gold:   265        SH:  5    Dex:  9    Spells: 8/8 levels left

rFire   + . .        Y - +2 war axe
rCold   . . .        c - +0 buckler
rNeg    + . .        r - +3 scale mail
rPois   inf          (no helmet)
rElec   +            p - +0 cloak
rCorr   .            u - +0 pair of gloves
SInv    .            (no boots)
Will    .....        (no amulet)
Stlth   +            n - ring of protection from fire
HPRegen 0.29/turn    o - +5 ring of evasion
MPRegen 0.13/turn

%: no passive effects
@: heroic
A: sickness immunity, AC +6, negative energy resistance 1, electricity
resistance, torment resistance 1, petrification resistance
a: Renounce Religion, Heroism


You were on level 5 of the Dungeon.
You worshipped Okawaru.
Okawaru was pleased with you.
You visited 1 branch of the dungeon, and saw 5 of its levels.

You collected 265 gold pieces.


Innate Abilities, Weirdness & Mutations

You are immune to sickness and miasma.
Your stone body is resilient. (AC +6)
You are immune to poison.
You resist negative energy. (rN+)
You are resistant to electric shocks. (rElec)
You are resistant to unholy torment.
You are immune to petrification.


   Skills:
 + Level 5.6(10.6) Fighting
 - Level 8.3(13.3) Axes
 - Level 1.8(6.8) Throwing
 - Level 3.2(8.2) Armour
 - Level 1.4(6.4) Dodging
 - Level 3.2(8.2) Shields
 - Level 5.1 Invocations


You had 8 spell levels left.
You didn't know any spells.
Your spell library was empty.

Inventory:

Hand Weapons
 e - a +0 flail
 Y - a +2 war axe (weapon)
Missiles
 h - 11 boomerangs (quivered)
Armour
 c - a +0 buckler (worn)
 p - a +0 cloak (worn)
 r - a +3 scale mail (worn)
 s - a +2 scale mail of cold resistance
 u - a +0 pair of gloves (worn)
Jewellery
 g - a +6 ring of dexterity
 n - a ring of protection from fire (left hand)
 o - a +5 ring of evasion (right hand)
 t - an amulet of guardian spirit
Scrolls
 a - 2 scrolls of identify
 b - 2 scrolls of teleportation {unknown}
Potions
 d - a potion of might
 f - 2 potions of heal wounds
 i - a potion of attraction
 j - a potion of magic
 k - a potion of lignification {unknown}
 l - a potion of cancellation {unknown}
 m - a potion of mutation {unknown}
 q - a potion of enlightenment {unknown}
 v - a potion of haste
 w - a potion of curing

Dungeon Overview and Level Annotations

Branches:
Dungeon (5/15)
 Temple: D:4-7

Altars:
Ashenzari
Cheibriados
Dithmenos
Fedhas
Okawaru
Sif Muna
Vehumet
Xom
Yredelemnul

Annotations:
D:3 2 runed translucent doors, qw's ghost, amateur MiHu
D:5 exclusion: jackal


Message History

Okawaru accepts your kill.
You slash the jackal!
You kill the jackal!
Okawaru accepts your kill.
You hear a bow twang.
An arrow appears from out of thin air!
The arrow barely misses you.
You slice the adder!!
You kill the adder!
Okawaru accepts your kill. Something hits you but does no damage.
Something kicks you but does no damage.
4215 ||| FLEEEEING.
You hit something. Something hits you but does no damage.
Something kicks you but does no damage.
You barely miss something. Something hits you but does no damage.
Something kicks you but does no damage.
You miss something. Something hits you. Something kicks you but does no damage.
You block something's attack. Something kicks you but does no damage.
4220 ||| FLEEEEING.
Something hits you but does no damage. Something barely misses you.
Enter note:
Enter note:
Enter note:
Enter note:
4221 ||| FLEEEEING.
You hear a bow twang.
An arrow appears from out of thin air!
The arrow hits you.
4222 ||| FLEEEEING.
You hear a bow twang.
An arrow appears from out of thin air!
The arrow hits you.
You hear a bow twang.
An arrow appears from out of thin air!
The arrow hits you.
Enter note:
Enter note:
Enter note:
Enter note:
4223 ||| FLEEEEING.
You hear a bow twang.
An arrow appears from out of thin air!
The arrow hits you!
You die...

#.#####).# ##.# ##.#
#.)..#...# #..# #..
..#..#...# #).# ##.
'######..# #l#).# #.
..)...#..# #.#f.# #.
..#...#.## #.##..# ##.
'######.# #..#..# #..
..P.....# ##.##.. ##%#
........# #@~##.. ##..#
...###### ##..##.8
##%.## ...#
##...########...# ##.#
#.#..~..~~..~..## #.#
########.#.~..~..~..~.#
#.#
........<##...~..~...##
#.#
############.~....~.##
#.# ########## #.#


You could see an iguana.

Vanquished Creatures
  A two-headed ogre (D:5)
  Sigmund (D:2)
  2 ogres
  2 centaurs
  A phantom (D:5)
  A kobold brigand (D:5)
  A scorpion (D:4)
  A howler monkey (D:5)
  3 hounds (D:5)
  A jelly (D:5)
  3 iguanas (D:5)
  4 gnolls
  9 adders
  A white imp (D:5)
  An ufetubus (D:5)
  4 dart slugs
  2 worms
  7 orcs (D:5)
  7 bats
  7 endoplasms
  5 giant cockroaches
  13 goblins
  8 hobgoblins
  18 jackals
  4 quokkas
  4 ball pythons
  2 frilled lizards
  18 kobolds
  11 rats
142 creatures vanquished.

Notes
Turn   | Place    | Note
-------+----------+-------------------------------------------
     0 | D:1      | qw the Gargoyle Fighter began the quest for the Orb.
     0 | D:1      | Reached XP level 1. HP: 14/14 MP: 1/1
     0 | D:1      | 0 ||| qw: Version: 0.2-a-29-gc1b59c4
     0 | D:1      | 0 ||| qw: Game counter: 4153
     0 | D:1      | 0 ||| qw: Always use a shield: true
     0 | D:1      | 0 ||| qw: God list: Okawaru
     0 | D:1      | 0 ||| qw: Allow faded altars: false
     0 | D:1      | 0 ||| qw: Do Orc after D:15 true
     0 | D:1      | 0 ||| qw: Do second Lair branch before Depths: true
     0 | D:1      | 0 ||| qw: Lair rune preference: random
     0 | D:1      | 0 ||| qw: Plans: Normal, Zot:1-4, Slime:5, God:TSO, Crypt,
                  | Tomb, Abyss, Pan, Hells, Win
     0 | D:1      | 0 ||| PLANNING D:1-11
    43 | D:1      | Reached skill level 2 in Axes
   189 | D:1      | Reached XP level 2. HP: 16/19 MP: 2/2
   258 | D:1      | 258 ||| Stepping ~*~*~tactically~*~*~ (stealth).
   263 | D:1      | Reached skill level 3 in Axes
   268 | D:1      | Reached XP level 3. HP: 19/23 MP: 3/3
   279 | D:1      | 279 ||| Stepping ~*~*~tactically~*~*~ (stealth).
   296 | D:1      | 296 ||| DROPPING +0 club.
   450 | D:1      | 450 ||| Stepping ~*~*~tactically~*~*~ (stealth).
   458 | D:1      | 458 ||| Stepping ~*~*~tactically~*~*~ (stealth).
   476 | D:1      | Found a faded altar of an unknown god.
   711 | D:1      | 711 ||| UPGRADING to +0 cloak.
   716 | D:1      | 716 ||| UPGRADING to ring of protection from fire.
   717 | D:1      | 717 ||| UPGRADING to +5 ring of evasion.
   718 | D:1      | 718 ||| READING scroll labelled NAHUOGG PECI.
   719 | D:1      | 719 ||| READING scroll labelled LEMMADWEDE.
   720 | D:1      | 720 ||| READING scroll labelled COAMIZI POHAEB.
   721 | D:1      | 721 ||| DRINKING 2 smoky dark potions.
   762 | D:2      | 762 ||| Stepping ~*~*~tactically~*~*~ (stealth).
   764 | D:2      | 764 ||| Stepping ~*~*~tactically~*~*~ (stealth).
   765 | D:2      | 765 ||| Stepping ~*~*~tactically~*~*~ (stealth).
   826 | D:2      | Reached XP level 4. HP: 28/28 MP: 4/4
   911 | D:2      | 911 ||| Stepping ~*~*~tactically~*~*~ (stealth).
   912 | D:2      | 912 ||| Stepping ~*~*~tactically~*~*~ (stealth).
   918 | D:2      | Reached skill level 4 in Axes
   926 | D:2      | 926 ||| DROPPING +0 whip.
  1085 | D:2      | 1085 ||| Stepping ~*~*~tactically~*~*~ (stealth).
  1086 | D:2      | 1086 ||| DROPPING +0 mace.
  1134 | D:2      | Noticed Sigmund
  1135 | D:2      | 1135 ||| Stepping ~*~*~tactically~*~*~ (hiding).
  1152 | D:2      | Killed Sigmund
  1153 | D:2      | Reached skill level 5 in Axes
  1153 | D:2      | Reached XP level 5. HP: 21/32 MP: 5/5
  1153 | D:2      | Reached XP level 6. HP: 24/37 MP: 6/6
  1488 | D:2      | 1488 ||| READING scroll labelled CYNI AVERU.
  1701 | D:3      | 1701 ||| Stepping ~*~*~tactically~*~*~ (stealth).
  1705 | D:3      | 1705 ||| Stepping ~*~*~tactically~*~*~ (stealth).
  2022 | D:3      | HP: 9/38 [ogre/+0 giant spiked club (8)]
  2253 | D:3      | Found a runed translucent door.
  2257 | D:3      | Noticed qw's ghost (amateur MiHu)
  2285 | D:3      | Found a runed translucent door.
  2375 | D:3      | 2375 ||| UPGRADING to +0 pair of gloves.
  2380 | D:3      | 2380 ||| UPGRADING to amulet of guardian spirit.
  2385 | D:3      | 2385 ||| READING 2 scrolls labelled ZOESEF VISTAIR.
  2386 | D:3      | 2386 ||| READING scroll labelled ICLYGR KOSKE.
  2387 | D:3      | 2387 ||| READING scroll labelled DOPSOSE UZOL.
  2388 | D:3      | 2388 ||| DRINKING 2 fizzy cyan potions.
  2389 | D:3      | 2389 ||| READING 2 scrolls of identify.
  2389 | D:3      | 2389 ||| IDENTIFYING dark potion
  2390 | D:3      | 2390 ||| DROPPING scroll of amnesia.
  2504 | D:4      | 2504 ||| Stepping ~*~*~tactically~*~*~ (hiding).
  2636 | D:4      | Reached skill level 1 in Dodging
  2636 | D:4      | Reached XP level 7. HP: 43/44 MP: 7/7
  2783 | D:4      | 2783 ||| READING scroll of enchant weapon.
  2783 | D:4      | 2783 ||| ENCHANTING +1 war axe.
  2874 | D:4      | Found an iron altar of Okawaru.
  2875 | D:4      | 2875 ||| PLANNING OKAWARU WORSHIP
  2875 | D:4      | 2875 ||| DRINKING 2 golden potions.
  2876 | D:4      | 2876 ||| READING 2 scrolls of identify.
  2876 | D:4      | 2876 ||| IDENTIFYING smoky blue potion
  2878 | D:4      | Found a broken altar of Ashenzari.
  2889 | D:4      | Found a radiant altar of Vehumet.
  2895 | D:4      | Became a worshipper of Warmaster Okawaru
  2895 | D:4      | 2895 ||| PLANNING D:1-11
  2896 | D:4      | 2896 ||| REMOVING amulet of guardian spirit.
  2902 | D:4      | Found a snail-covered altar of Cheibriados.
  2904 | D:4      | Found a shimmering blue altar of Sif Muna.
  2905 | D:4      | Found a shadowy altar of Dithmenos.
  2907 | D:4      | Found a basalt altar of Yredelemnul.
  2911 | D:4      | Found a blossoming altar of Fedhas.
  2912 | D:4      | Found a shimmering altar of Xom.
  2993 | D:4      | 2993 ||| Stepping ~*~*~tactically~*~*~ (stealth).
  3001 | D:4      | Reached skill level 6 in Axes
  3550 | D:4      | 3550 ||| UPGRADING to +3 scale mail.
  3560 | D:4      | 3560 ||| DROPPING +0 scale mail.
  3600 | D:5      | Entered Level 5 of the Dungeon
  3607 | D:5      | 3607 ||| Stepping ~*~*~tactically~*~*~ (stealth).
  3658 | D:5      | 3658 ||| Stepping ~*~*~tactically~*~*~ (hiding).
  3663 | D:5      | 3663 ||| Stepping ~*~*~tactically~*~*~ (hiding).
  3666 | D:5      | Reached skill level 7 in Axes
  3767 | D:5      | Reached XP level 8. HP: 45/50 MP: 8/8
  3773 | D:5      | Reached * piety under Okawaru
  3774 | D:5      | Reached skill level 1 in Throwing
  3919 | D:5      | Reached skill level 1 in Invocations
  3970 | D:5      | 3970 ||| Stepping ~*~*~tactically~*~*~ (stealth).
  3993 | D:5      | 3993 ||| Stepping ~*~*~tactically~*~*~ (hiding).
  4049 | D:5      | 4049 ||| Stepping ~*~*~tactically~*~*~ (stealth).
  4063 | D:5      | 4063 ||| INVOKING Heroism.
  4188 | D:5      | 4188 ||| Stepping ~*~*~tactically~*~*~ (stealth).
  4201 | D:5      | Noticed a two-headed ogre
  4202 | D:5      | 4202 ||| INVOKING Heroism.
  4210 | D:5      | Killed a two-headed ogre
  4210 | D:5      | Reached ** piety under Okawaru
  4211 | D:5      | Reached skill level 8 in Axes
  4211 | D:5      | Reached XP level 9. HP: 27/54 MP: 7/12
  4215 | D:5      | 4215 ||| FLEEEEING.
  4220 | D:5      | 4220 ||| FLEEEEING.
  4221 | D:5      | 4221 ||| FLEEEEING.
  4222 | D:5      | 4222 ||| FLEEEEING.
  4222 | D:5      | HP: 11/54 [something (5)]
  4223 | D:5      | 4223 ||| FLEEEEING.
  4223 | D:5      | Shot with an arrow by something

Levels and vault maps discovered:
D:1:      dpeg_arrival_ratfight, layout_basic,
          shapermc_ecumenical_altar_rom_forum, minmay_pentomino_r2
D:2:      layout_loops_cross, minivault_25, supply_closet_lemuel,
          nicolae_concentric_dashed_squares_wild, minmay_misc_feat_square,
          amcnicky_mini_rare_corridor_liquid, uniq_sigmund
D:3:      layout_basic, ebering_ghost_sewer_f, serial_glass, glass_columns_c,
          glass_columns_b, item_on_display_a, feat_on_display,
          minmay_strange_pillars, item_on_display_a
D:4:      layout_layer_cave, nicolae_overflow_hallway_of_the_gods,
          minmay_misc_feat_cross
D:5:      corexii_shantytown, layout_loops_ring, dreamdust_divine_triumvirate,
          nzn_random_ring

Skill      XL: |  1  2  3  4  5  6  7  8 |
---------------+-------------------------+-----
Axes           | 2 3 5 7 8 |  8.3
Fighting       | 4 5 |  5.6
Dodging        | 1 |  1.4
Throwing       | 1 |  1.8
Invocations    | 5 |  5.1
Armour         | |  3.2
Shields        | |  3.2

Action                     |  1- 3 |  4- 6 |  7- 9 || total
---------------------------+-------+-------+-------++-------
  Melee: War axe           |    97 |    90 |   188 ||   375
  Throw: Boomerang         |       |    47 |    43 ||    90
 Invoke: Heroism           |       |       |     2 ||     2
    Use: Scroll            |     3 |     5 |     2 ||    10
         Potion            |     1 |     1 |     1 ||     3
 Armour: Scale mail        |    49 |    30 |    82 ||   161
  Dodge: Dodged            |    51 |    48 |   120 ||   219
  Block: Buckler           |    11 |    10 |    42 ||    63

Table legend:
 A = Non-vault XP
 B = Vault XP
 C = Vault XP percentage of total XP
 D = Non-vault monster count
 E = Vault monster count
 F = Vault count percentage of total count
                 A         B        C        D         E       F
            +---------+---------+-------+---------+---------+-------
      Total |    1140 |    1400 |  55.1 |     102 |      40 |  28.2
            +---------+---------+-------+---------+---------+-------
        D:1 |      57 |       7 |  10.9 |      26 |       6 |  18.8
        D:2 |      65 |     231 |  78.0 |      23 |       1 |   4.2
        D:3 |     167 |       0 |   0.0 |      18 |       0 |   0.0
        D:4 |     273 |       0 |   0.0 |      15 |       0 |   0.0
        D:5 |     578 |    1162 |  66.8 |      20 |      33 |  62.3
            +---------+---------+-------+---------+---------+-------
